 Dungeon Crawl Stone Soup version 0.31.0-11-ge490571c62 (webtiles) character file.

Game seed: 15965507411578685073

1335 qw the Skirmisher (level 8, -4/40 HPs)
             Began as a Spriggan Hunter on Feb 4, 2024.
             Was a Believer of Okawaru.
             Slain by a water moccasin (8 damage)
             ... on level 5 of the Dungeon.
             The game lasted 00:00:51 (3726 turns).

qw the Skirmisher (Spriggan Hunter)                 Turns: 3726, Time: 00:00:52

Health: -4/40      AC:  2    Str:  7    XL:     8   Next: 35%
Magic:  12/12      EV: 27    Int: 11    God:    Okawaru [**....]
Gold:   198        SH:  5    Dex: 20    Spells: 7/7 levels left

rFire   + . .        a - +2 shortbow
rCold   + . .        (shield currently unavailable)
rNeg    . . .        c - +0 robe
rPois   +            (helmet restricted)
rElec   .            d - scarf {rC+ rF+}
rCorr   .            (gloves unavailable)
SInv    +            (boots unavailable)
Will    +....        l - amulet of reflection
Stlth   ++           k - ring of poison resistance
HPRegen 0.26/turn    j - +5 ring of evasion
MPRegen 0.13/turn

%: reflection
@: very quick
A: very small, no large weapons, unfitting armour, see invisible, speed 3
a: Renounce Religion, Heroism


You were on level 5 of the Dungeon.
You worshipped Okawaru.
Okawaru was pleased with you.
You visited 2 branches of the dungeon, and saw 6 of its levels.
You also visited: Sewer.

You collected 256 gold pieces.
You spent 58 gold pieces at shops.


Innate Abilities, Weirdness & Mutations

You are very small and have problems with some larger weapons.
You are too small for most types of armour.
You have supernaturally acute eyesight. (SInv)
You cover ground extremely quickly. (Speed+++)


   Skills:
 - Level 3.0 Fighting
 - Level 8.0 Ranged Weapons
 + Level 7.2 Dodging
 - Level 1.5 Stealth
 - Level 4.2 Invocations


You had 7 spell levels left.
You didn't know any spells.
Your spell library was empty.

Inventory:

Hand Weapons
 a - a +2 shortbow (weapon)
Armour
 c - a +0 robe (worn)
 d - a scarf of resistance (worn)
 m - a +0 cloak
Jewellery
 b - a ring of ice
 j - a +5 ring of evasion (right hand)
 k - a ring of poison resistance (left hand)
 l - an amulet of reflection (around neck)
 Y - a ring of protection from fire
Scrolls
 f - a scroll of summoning {unknown}
Potions
 e - a potion of cancellation
 g - 5 potions of heal wounds
 h - a potion of attraction {unknown}
 i - a potion of curing
 n - 3 potions of might {unknown}
 q - a potion of experience {unknown}
 r - a potion of magic {unknown}
 s - 2 potions of mutation {unknown}

Dungeon Overview and Level Annotations

Branches:
Dungeon (5/15)             Temple (1/1) D:4           Sewer (visited)

Altars:
Ashenzari
Cheibriados
Dithmenos
Elyvilon
Fedhas
Gozag
Kikubaaqudgha
Makhleb
Nemelex Xobeh
Okawaru
Ru
Sif Muna
Trog
Wu Jian
Yredelemnul

Shops:
D:3 [

Annotations:
D:2 1 runed translucent door, Crazy Yiuf


Message History

The water moccasin poisons you!
You shoot an arrow. The arrow misses the water moccasin.
You feel very sick.
The water moccasin completely misses you.
You block the adder's attack.
The water moccasin completely misses you.
You shoot an arrow. The arrow misses the water moccasin.
You feel very sick. You block the adder's attack.
The water moccasin barely misses you. The adder barely misses you.
You shoot an arrow. The arrow misses the water moccasin.
You feel sick.
The water moccasin completely misses you.
The adder completely misses you.
You shoot an arrow. The arrow hits the water moccasin!
The water moccasin is moderately wounded.
You feel sick. The water moccasin misses you. The adder completely misses you.
The water moccasin barely misses you.
You shoot an arrow. The arrow hits the water moccasin.
The water moccasin is moderately wounded.
You feel sick. The adder closely misses you.
The water moccasin closely misses you. The adder closely misses you.
You shoot an arrow. The arrow misses the water moccasin.
You feel sick. The water moccasin barely misses you. The adder misses you.
You block the water moccasin's attack.
You shoot an arrow. The arrow hits the water moccasin!
The water moccasin is severely wounded.
You feel sick. The adder misses you. The water moccasin closely misses you.
You shoot an arrow. The arrow hits the water moccasin.
The water moccasin is almost dead.
You feel sick.
The water moccasin completely misses you.
You block the adder's attack.
You shoot an arrow. The arrow hits the water moccasin.
The water moccasin is almost dead.
You feel sick.
You are no longer poisoned.
The water moccasin bites you! The adder completely misses you.
The water moccasin bites you!
You die...

##..##.........#
....####....####
.....%.....S####
...........h...##
............##..####
..........)........#
.....#...#)..#...#.#
....#...#...#o.S#%.#
...#...#...#:.)#@..#
....#...#...#..S#).#
.....#...#...#...#.#
........... .#
.#...#...#. #
#...#.. ?#..$#.
...#..


You could see a water moccasin, an adder and an orc.

Vanquished Creatures
  Duvessa (D:5)
  A water moccasin (D:4)
  An ice beast (D:5)
  An ogre (D:5)
  A centaur (D:5)
  2 bullfrogs (D:5)
  A kobold brigand (Sewer)
  Dowan (D:5)
  A bombardier beetle (D:3)
  4 hounds
  2 sleepcaps (D:5)
  2 orc priests (D:5)
  4 iguanas
  An orc wizard (D:5)
  3 gnolls (D:4)
  6 adders
  A white imp (D:5)
  2 dart slugs
  2 ribbon worms
  16 orcs
  10 endoplasms
  6 giant cockroaches
  6 goblins
  8 hobgoblins
  4 jackals
  21 kobolds
  7 quokkas
  8 ball pythons
  5 bats
  6 frilled lizards
  8 rats
142 creatures vanquished.

Notes
Turn   | Place    | Note
-------+----------+-------------------------------------------
     0 | D:1      | qw the Spriggan Hunter began the quest for the Orb.
     0 | D:1      | Reached XP level 1. HP: 10/10 MP: 2/2
     0 | D:1      | 0 ||| qw: Version: 0.3-a-160-g6735b56
     0 | D:1      | 0 ||| qw: Game counter: 5698
     0 | D:1      | 0 ||| qw: Melee chars always use a shield: true
     0 | D:1      | 0 ||| qw: God list: Okawaru
     0 | D:1      | 0 ||| qw: Allow faded altars: false
     0 | D:1      | 0 ||| qw: Do Orc after clearing Dungeon:15 true
     0 | D:1      | 0 ||| qw: Do second Lair branch before Depths: true
     0 | D:1      | 0 ||| qw: Lair rune preference: random
     0 | D:1      | 0 ||| qw: Goals: Normal
     0 | D:1      | 0 ||| PLANNING D:1-11
    76 | D:1      | Reached skill level 3 in Dodging
   120 | D:1      | Reached XP level 2. HP: 14/14 MP: 3/3
   309 | D:1      | Reached XP level 3. HP: 16/18 MP: 4/4
   533 | D:1      | 533 ||| UPGRADING to ring of protection from fire.
   534 | D:1      | 534 ||| UPGRADING to +5 ring of evasion.
   535 | D:1      | 535 ||| UPGRADING to ring of poison resistance.
   537 | D:1      | 537 ||| READING scroll labelled NAB XURRIOLA.
   538 | D:1      | 538 ||| READING scroll labelled FUCOEGG LAEDUNA.
   539 | D:1      | 539 ||| READING scroll labelled EMPEN YFUJI.
   640 | D:1      | 640 ||| READING scroll labelled AKANAO FOAS.
   644 | D:1      | 644 ||| READING scroll labelled IROH MUCODD.
   675 | D:1      | 675 ||| DRINKING 2 lumpy black potions.
   676 | D:1      | 676 ||| DROPPING scroll of butterflies.
  1094 | D:2      | Found a runed translucent door.
  1095 | D:2      | Noticed Crazy Yiuf
  1139 | D:2      | Reached skill level 5 in Ranged Weapons
  1364 | D:2      | 1364 ||| UPGRADING to scarf of resistance.
  1369 | D:2      | 1369 ||| READING scroll labelled HYDONA WOUL.
  1370 | D:2      | 1370 ||| READING scroll labelled DATTIHOTUYST.
  1370 | D:2      | 1370 ||| ENCHANTING +0 shortbow.
  1371 | D:2      | 1371 ||| DRINKING 2 ruby potions.
  1395 | D:3      | 1395 ||| PLANNING SEWER
  1421 | D:3      | Reached XP level 4. HP: 19/22 MP: 5/5
  1472 | D:3      | Found an opulent altar of Gozag.
  1479 | D:3      | 1479 ||| FLEEEEING.
  1480 | D:3      | 1480 ||| FLEEEEING.
  1481 | D:3      | 1481 ||| FLEEEEING.
  1482 | D:3      | 1482 ||| STAIRDANCE
  1709 | D:3      | Found a shimmering blue altar of Sif Muna.
  1713 | D:3      | Found a bloodstained altar of Trog.
  2022 | D:3      | Found Istruer's Armour Shop.
  2031 | D:3      | 2031 ||| BUYING +0 cloak (58 gold).
  2031 | D:3      | Bought a +0 cloak for 58 gold pieces
  2048 | D:3      | Found a glowing drain.
  2049 | D:3      | 2049 ||| UPGRADING to amulet of reflection.
  2054 | D:3      | 2054 ||| READING scroll labelled QOS LEAM FAHEF.
  2068 | Sewer    | Entered a sewer
  2091 | Sewer    | Noticed a kobold brigand
  2103 | Sewer    | Killed a kobold brigand
  2104 | Sewer    | Reached XP level 5. HP: 21/26 MP: 6/6
  2348 | Sewer    | 2348 ||| READING scroll labelled XYNI DIDOSKI.
  2348 | Sewer    | 2348 ||| IDENTIFYING silvery potion
  2349 | Sewer    | 2349 ||| DRINKING 2 bubbling orange potions.
  2350 | Sewer    | 2350 ||| DROPPING potion of berserk rage.
  2365 | D:3      | 2365 ||| PLANNING D:1-11
  2471 | D:4      | Found a sparkling altar of Nemelex Xobeh.
  2482 | D:4      | Reached skill level 6 in Ranged Weapons
  2534 | D:4      | Found a shadowy altar of Dithmenos.
  2571 | D:4      | Found a staircase to the Ecumenical Temple.
  2572 | D:4      | 2572 ||| PLANNING TEMPLE
  2585 | D:4      | Reached XP level 6. HP: 30/30 MP: 7/7
  2624 | Temple   | Entered the Ecumenical Temple
  2625 | Temple   | 2625 ||| PLANNING OKAWARU WORSHIP
  2633 | Temple   | Became a worshipper of Warmaster Okawaru
  2634 | Temple   | 2634 ||| PLANNING D:1-11
  2874 | D:4      | Noticed a water moccasin
  2880 | D:4      | Reached skill level 6 in Dodging
  2881 | D:4      | 2881 ||| DRINKING potion of haste.
  2892 | D:4      | Killed a water moccasin
  2902 | D:4      | Reached * piety under Okawaru
  2934 | D:4      | 2934 ||| READING scroll of enchant weapon.
  2934 | D:4      | 2934 ||| ENCHANTING +1 shortbow.
  2991 | D:4      | 2991 ||| READING 2 scrolls of identify.
  2991 | D:4      | 2991 ||| IDENTIFYING sapphire potion
  2992 | D:4      | 2992 ||| READING scroll of identify.
  2992 | D:4      | 2992 ||| IDENTIFYING pink potion
  2993 | D:4      | 2993 ||| DROPPING potion of ambrosia.
  3018 | D:5      | Entered Level 5 of the Dungeon
  3055 | D:5      | Noticed an ice beast
  3060 | D:5      | Noticed Duvessa
  3061 | D:5      | 3061 ||| INVOKING Heroism.
  3065 | D:5      | Killed an ice beast
  3066 | D:5      | Reached skill level 7 in Ranged Weapons
  3066 | D:5      | Reached XP level 7. HP: 35/35 MP: 5/8
  3084 | D:5      | Killed Duvessa
  3085 | D:5      | Reached skill level 1 in Invocations
  3094 | D:5      | Noticed Dowan
  3096 | D:5      | 3096 ||| INVOKING Heroism.
  3103 | D:5      | Killed Dowan
  3540 | D:5      | 3540 ||| FLEEEEING.
  3541 | D:5      | 3541 ||| FLEEEEING.
  3542 | D:5      | 3542 ||| FLEEEEING.
  3543 | D:5      | 3543 ||| FLEEEEING.
  3553 | D:5      | HP: 6/35 [orc priest/divine providence (7)]
  3554 | D:5      | 3554 ||| DRINKING 6 potions of heal wounds.
  3613 | D:5      | Reached skill level 3 in Invocations
  3619 | D:5      | Reached XP level 8. HP: 39/39 MP: 11/11
  3669 | D:5      | Reached skill level 8 in Ranged Weapons
  3678 | D:5      | Reached ** piety under Okawaru
  3694 | D:5      | 3694 ||| RETREEEEATING.
  3696 | D:5      | 3696 ||| RETREEEEATING.
  3697 | D:5      | 3697 ||| RETREEEEATING.
  3703 | D:5      | 3703 ||| RETREEEEATING.
  3704 | D:5      | 3704 ||| RETREEEEATING.
  3706 | D:5      | 3706 ||| RETREEEEATING.
  3707 | D:5      | 3707 ||| RETREEEEATING.
  3708 | D:5      | 3708 ||| RETREEEEATING.
  3709 | D:5      | 3709 ||| RETREEEEATING.
  3712 | D:5      | Reached skill level 3 in Fighting
  3726 | D:5      | HP: 4/40 [water moccasin (8)]
  3726 | D:5      | Slain by a water moccasin

Levels and vault maps discovered:
D:1:      psy_arrival_fountain, layout_rooms, minmay_worlds_worst_comb
D:2:      layout_basic, uniq_crazy_yiuf_cottage
D:3:      layout_rooms, hellmonk_overflow_destroyed_library,
          mainiacjoe_overflow_brackets, serial_shops, shop,
          cheibrodos_sewer_entry_bend, eino_tiny_chamber,
          nicolae_kite_square_tiling_tiny
D:4:      minmay_recursive_quarters, layout_rooms, jmf_multi_god_temple,
          minmay_temple_entry_large_hall
D:5:      cheibrodos_fzero, layout_layer_cave, uniq_duvessa, uniq_blork_the_orc
Temple:   eino_temple_lava

Skill      XL: |  1  2  3  4  5  6  7  8 |
---------------+-------------------------+-----
Dodging        | 3 4 5 6 7 |  7.2
Ranged Weapons | 5 6 7 8 |  8.0
Fighting       | 2 3 |  3.0
Invocations    | 3 4 |  4.2
Stealth        | |  1.5

Action                     |  1- 3 |  4- 6 |  7- 9 || total
---------------------------+-------+-------+-------++-------
   Fire: Shortbow          |   115 |   195 |   143 ||   453
 Invoke: Heroism           |       |     1 |     1 ||     2
    Use: Scroll            |     7 |     5 |       ||    12
         Potion            |     2 |     2 |     1 ||     5
 Armour: Robe              |    12 |    16 |    13 ||    41
  Dodge: Dodged            |    42 |    82 |    69 ||   193
  Block: Other             |       |    22 |    14 ||    36
         Reflection        |       |       |     2 ||     2

Table legend:
 A = Non-vault XP
 B = Vault XP
 C = Vault XP percentage of total XP
 D = Non-vault monster count
 E = Vault monster count
 F = Vault count percentage of total count
                 A         B        C        D         E       F
            +---------+---------+-------+---------+---------+-------
      Total |     827 |    1081 |  56.7 |      89 |      53 |  37.3
            +---------+---------+-------+---------+---------+-------
        D:1 |      45 |       6 |  11.8 |      26 |       3 |  10.3
        D:2 |      40 |       0 |   0.0 |      16 |       0 |   0.0
        D:3 |      91 |       4 |   4.2 |      21 |       1 |   4.5
        D:4 |     115 |     256 |  69.0 |      12 |      13 |  52.0
        D:5 |     536 |     693 |  56.4 |      14 |      14 |  50.0
      Sewer |       0 |     122 | 100.0 |       0 |      22 | 100.0
            +---------+---------+-------+---------+---------+-------
